details: 'BARCODE RIDES AGAIN2'

« prev index next »

General information

Mini Map

Players

team 1
Undeadcloud9_ (orange | 33 APM | 20 actions | 00:36)

» actions
Build / train2
Enter build submenu2
Right click7
Select / deselect7
Use ability2
20 total
» units
Acolyte2
2 total
» buildings
Crypt1
Ziggurat1
2 total
» build order
00:11 Crypt
00:14 Ziggurat
Random» NightElfPunkinPower (teal | 13 APM | 7 actions | 00:31)

» actions
Build / train2
Right click1
Select / deselect4
7 total
» units
Wisp2
2 total
Random» NightElfT.F.S. (yellow | 25 APM | 17 actions | 00:41)

» actions
Build / train5
Enter build submenu1
Right click1
Select / deselect9
Use ability1
17 total
» units
Wisp5
5 total
» buildings
Altar of Elders1
1 total
» build order
00:26 Altar of Elders
HumanlllllIIIIIlllll (purple | 100 APM | 1735 actions | 17:16)
Hero icon 3 Archmage
Ability icon 1 Summon Water Elemental
Ability icon 2 Blizzard
Hero icon 3 Keeper of the Grove
Ability icon 2 Entangling Roots
Ability icon 1 Thorns Aura
Hero icon 2 Priestess of the Moon
Ability icon 1 Searing Arrows
Ability icon 1 Trueshot Aura
Hero icon 3 Death Knight
Ability icon 1 Unholy Aura
Ability icon 1 Death Pact
Ability icon 1 Death Coil

» actions
Assign group hotkey24
Basic commands34
Build / train116
ESC pressed14
Enter build submenu51
Enter hero's abilities submenu12
Right click697
Select / deselect407
Select group hotkey285
Use ability95
1735 total
» units
Peasant10
Acolyte2
Wisp15
Ghoul5
Footman7
Archer25
Crypt Fiend8
Hippogryph3
75 total
» upgrades
Unholy Armor2
Defend1
Unholy Strength2
Creature Carapace2
Creature Attack2
Hippogryph Taming1
Moon Armor1
Strength of the Moon1
12 total
» buildings
Altar of Kings1
Farm5
Barracks1
Altar of Elders1
Moon Well9
Ancient of War2
Crypt2
Ziggurat4
Graveyard1
Arcane Vault2
Ancient of Wonders2
Lumber Mill1
Altar of Darkness1
Halls of the Dead1
Keep1
Blacksmith1
Tree of Ages3
Scout Tower4
Spirit Tower1
Guard Tower1
Hunter's Hall3
Tree of Eternity1
Ancient of Wind4
Black Citadel2
54 total
» build order
00:16 Altar of Kings
00:18 Farm
00:21 Barracks
00:57 Altar of Elders
00:59 Moon Well
01:01 Farm
01:11 Moon Well
01:14 Ancient of War
01:18 Crypt
01:37 Ziggurat
01:43 Ancient of War
01:56 Crypt
02:18 Farm
02:28 Graveyard
02:44 Moon Well
02:50 Moon Well
03:00 Arcane Vault
03:09 Ancient of Wonders
03:22 Moon Well
03:35 Lumber Mill
03:47 Moon Well
03:56 Altar of Darkness
04:19 Farm
04:42 Moon Well
04:57 Halls of the Dead
04:59 Keep
05:01 Farm
05:42 Ziggurat
05:43 Ziggurat
06:00 Blacksmith
06:03 Tree of Ages
06:04 Ancient of Wonders
06:10 Tree of Ages
06:10 Tree of Ages
06:13 Moon Well
06:27 Scout Tower
06:30 Scout Tower
06:33 Spirit Tower
07:22 Guard Tower
07:23 Scout Tower
07:24 Scout Tower
07:25 Arcane Vault
08:19 Hunter's Hall
08:52 Hunter's Hall
09:08 Tree of Eternity
09:11 Ancient of Wind
09:13 Ancient of Wind
09:32 Ziggurat
11:41 Ancient of Wind
12:39 Black Citadel
12:39 Black Citadel
12:50 Ancient of Wind
13:05 Hunter's Hall
13:19 Moon Well
» items
Scroll of Regeneration2
Potion of Healing1
3 total
team 2
Random» NightElfbrucewillisusa (pink | 49 APM | 851 actions | 17:18)
Hero icon 6 Priestess of the Moon
Ability icon 3 Trueshot Aura
Ability icon 2 Searing Arrows
Ability icon 1 Starfall

» actions
Assign group hotkey45
Basic commands51
Build / train39
ESC pressed5
Enter build submenu17
Enter hero's abilities submenu6
Right click323
Select / deselect186
Select group hotkey150
Use ability29
851 total
» units
Wisp11
Huntress12
Chimaera5
28 total
» upgrades
Corrosive Breath1
1 total
» buildings
Moon Well8
Altar of Elders1
Hunter's Hall1
Ancient of War2
Tree of Ages2
Tree of Eternity1
Ancient of Wind1
Chimaera Roost3
19 total
» build order
00:06 Moon Well
00:35 Altar of Elders
01:25 Hunter's Hall
02:01 Ancient of War
02:05 Ancient of War
02:17 Moon Well
02:42 Moon Well
02:45 Moon Well
04:07 Moon Well
06:41 Tree of Ages
06:41 Tree of Ages
09:04 Tree of Eternity
09:07 Moon Well
09:07 Moon Well
09:08 Moon Well
09:10 Ancient of Wind
12:20 Chimaera Roost
12:20 Chimaera Roost
12:21 Chimaera Roost
Random» Humanblaze1 (red | 52 APM | 896 actions | 17:16)
Hero icon 5 Archmage
Ability icon 2 Summon Water Elemental
Ability icon 3 Brilliance Aura

» actions
Build / train69
Enter build submenu28
Enter hero's abilities submenu5
Remove unit from queue1
Right click557
Select / deselect194
Use ability42
896 total
» units
Peasant13
Footman5
Rifleman6
Mortar Team4
Flying Machine7
Knight5
40 total
» upgrades
Swords2
Plating1
Long Rifles1
Lumber Harvesting2
Masonry2
Animal War Training1
Fragmentation Shards1
Barrage1
Flak Cannons1
Armor1
Gunpowder2
Flying Machine Bombs1
16 total
» buildings
Altar of Kings1
Farm11
Barracks1
Lumber Mill2
Blacksmith1
Scout Tower7
Keep1
Guard Tower4
Castle1
Workshop2
31 total
» build order
00:24 Altar of Kings
00:43 Farm
00:51 Barracks
01:29 Farm
01:52 Lumber Mill
02:02 Farm
02:56 Blacksmith
03:08 Farm
03:49 Farm
04:57 Scout Tower
05:00 Scout Tower
05:02 Scout Tower
05:18 Farm
05:20 Keep
05:36 Guard Tower
05:42 Scout Tower
06:12 Guard Tower
07:57 Farm
08:17 Scout Tower
08:19 Scout Tower
08:31 Castle
08:54 Guard Tower
09:04 Lumber Mill
09:15 Workshop
09:48 Scout Tower
10:41 Guard Tower
11:53 Workshop
15:45 Farm
15:50 Farm
16:31 Farm
16:35 Farm
NightElfblazer (green | 15 APM | 262 actions | 17:16)
Hero icon 2 Priestess of the Moon
Ability icon 1 Trueshot Aura
Ability icon 1 Searing Arrows

» actions
Assign group hotkey1
Build / train41
Enter build submenu15
Enter hero's abilities submenu2
Remove unit from queue3
Right click51
Select / deselect123
Select group hotkey2
Use ability24
262 total
» units
Wisp12
Druid of the Claw12
24 total
» upgrades
Strength of the Wild3
Reinforced Hides3
Druid of the Claw Training2
Mark of the Claw1
9 total
» buildings
Altar of Elders1
Moon Well7
Tree of Ages1
Hunter's Hall1
Ancient of Wonders1
Ancient of Lore2
Tree of Eternity1
14 total
» build order
00:22 Altar of Elders
00:28 Moon Well
01:58 Tree of Ages
02:32 Hunter's Hall
04:01 Ancient of Wonders
04:15 Moon Well
04:32 Ancient of Lore
05:14 Moon Well
05:29 Ancient of Lore
06:13 Moon Well
07:21 Moon Well
07:32 Moon Well
07:40 Tree of Eternity
08:31 Moon Well
NightElfmonkies (blue | 32 APM | 560 actions | 17:16)
Hero icon 3 Warden
Ability icon 2 Fan of Knives
Ability icon 1 Blink

» actions
Assign group hotkey6
Build / train37
Enter build submenu16
Enter hero's abilities submenu3
Right click330
Select / deselect147
Use ability21
560 total
» units
Wisp10
Archer8
Huntress7
25 total
» upgrades
Nature's Blessing1
Improved Bows1
Strength of the Moon2
Ultravision1
Moon Armor1
6 total
» buildings
Moon Well4
Ancient of War6
Tree of Ages1
Hunter's Hall1
Altar of Elders1
Tree of Eternity1
Tree of Life1
15 total
» build order
01:20 Moon Well
03:09 Ancient of War
03:13 Ancient of War
03:36 Ancient of War
03:41 Ancient of War
03:53 Moon Well
03:57 Tree of Ages
05:08 Hunter's Hall
06:13 Altar of Elders
08:42 Ancient of War
08:48 Ancient of War
11:51 Moon Well
16:28 Tree of Eternity
16:32 Moon Well
16:59 Tree of Life

Chat log

(00:08 / All) lllllIIIIIlllll: pink is a filthy spic
(00:37 / All) blaze1: and what the fuck are you inbred white trash?
(00:39 / All) brucewillisusa: RAPED
(00:45 / All) lllllIIIIIlllll: u got lucky spic
(00:50 / All) brucewillisusa: NO U
(00:52 / All) brucewillisusa: EXCUSE
(01:21 / Allies) blaze1: hey blue what are you doing?
(01:30 / Allies) monkies: tree power
(01:46 / Allies) brucewillisusa: MASS TIER 1 AND RUSH
(01:51 / Allies) brucewillisusa: MAYBE WE CAN BACK BLUE UP
(01:52 / Allies) brucewillisusa: OR SOMETHING

(03:37 / Allies) brucewillisusa: IS THIS YOUR FIRST GAME, BLUE?
(04:11 / Allies) monkies: give me some gold
(04:25 / Allies) monkies: ty
(05:13 / Allies) blaze1: we should have just rushed the prick on two fronts
(05:22 / Allies) brucewillisusa: WHAT DOES THAT MEAN?
(05:33 / Allies) blaze1: split rush nimrod
(05:50 / Allies) blaze1: now he has time to build

(07:44 / All) brucewillisusa: YOU TRIED SO AHRD
(07:50 / All) brucewillisusa: AND GOT SO FAR
(07:54 / All) brucewillisusa: BUT IN THE END
(07:57 / All) brucewillisusa: IT DIDNT EVEN MATTER
(08:27 / Allies) brucewillisusa: GET AA
(08:30 / All) brucewillisusa: VIVA LA MEXICO

(12:01 / All) brucewillisusa: SAY HI TO HIGHPER.CH

(13:18 / All) brucewillisusa: NICE BASE, BARCODE
(13:24 / All) lllllIIIIIlllll: 1v1?
(13:45 / Allies) blazer: orange base is mine
(13:51 / Allies) blazer: full upgraded bears
(14:33 / All) brucewillisusa: YOU WISH
(14:37 / All) lllllIIIIIlllll: 1v1?
(14:54 / All) brucewillisusa: I JUST BEAT YOU WITH ONE BASE WHEN YOU HAD FOUR
(15:01 / All) brucewillisusa: WHY WOULD I WANT TO WASTE MY TIME WITH A 1V1?
(15:02 / All) lllllIIIIIlllll: 1v1?
(15:25 / All) lllllIIIIIlllll: u pretty pathetic to be happy 1v4 even for a spic
(15:36 / All) brucewillisusa: ENGLISH?
(15:43 / All) lllllIIIIIlllll: u mad spic?
(15:53 / All) brucewillisusa: REMEMBER WHEN I BATTED YOUR ZEPPELIN OVER THE TREES?
(16:00 / All) lllllIIIIIlllll: 1v1 spic?
(16:01 / All) brucewillisusa: AND YOU WERE IN THE MIDDLE OF SAYING CRYMORE?
(16:03 / All) monkies: LOL
(16:26 / All) lllllIIIIIlllll: haha spic u cherish 4v4 RT games?
(16:33 / All) lllllIIIIIlllll: loser spic
(16:34 / All) brucewillisusa: ARE YOU FURIOUS?
(16:38 / All) brucewillisusa: WHO WON?
(16:40 / All) lllllIIIIIlllll: 1v1?
(16:47 / All) lllllIIIIIlllll: i dont even remember
(17:04 / All) lllllIIIIIlllll: can your mom clean my house this week?
(17:06 / All) lllllIIIIIlllll: haha
(17:13 / All) lllllIIIIIlllll: i hire spics to do my yard